 Dungeon Crawl Stone Soup version 0.30-a0-422-g946f4849ff (webtiles) character file.

Game seed: 7572917725949179463

162 Krypt the Firebug (level 5, -1/37 HPs)
             Began as a Demonspawn Fire Elementalist on Dec 8, 2022.
             Slain by a scorpion (5 damage)
             ... on level 4 of the Dungeon.
             The game lasted 00:07:47 (2586 turns).

Krypt the Firebug (Demonspawn Fire Elementalist)    Turns: 2586, Time: 00:07:47

Health: -1/37      AC:  4    Str:  8    XL:     5   Next: 19%
Magic:  7/9        EV: 12    Int: 19    God:
Gold:   138        SH:  0    Dex: 13    Spells: 7/10 levels left

rFire   . . .      SeeInvis .    d - +1 dagger (venom)
rCold   . . .      Faith    .    (no shield)
rNeg    . . .      Spirit   .    a - +0 robe
rPois   .          Reflect  .    (no helmet)
rElec   .          Harm     .    (no cloak)
rCorr   .          Rampage  .    (no gloves)
Will    .....                    (no boots)
Stlth   ++........               (no amulet)
HPRegen 0.26/turn                (no ring)
MPRegen 0.22/turn                (no ring)

@: lethally poisoned (-1 -> -4)
A: icy blue scales 1, foul stench 1, magic regeneration
a: no special abilities


You were on level 4 of the Dungeon.
You visited 1 branch of the dungeon, and saw 4 of its levels.

You collected 138 gold pieces.

Inventory:

Hand Weapons
 d - a +1 dagger of venom (weapon)
Armour
 a - a +0 robe (worn)
Wands
 e - a wand of paralysis (7)
Scrolls
 f - a scroll of teleportation
Potions
 b - a potion of magic
 c - 2 potions of curing
 g - a potion of flight {unknown}
 h - a potion of lignification
 i - a potion of degeneration {unknown}


   Skills:
 + Level 1.6 Fighting
 + Level 0.3 Short Blades
 + Level 2.1 Dodging
 + Level 2.1 Stealth
 + Level 3.0 Spellcasting
 + Level 2.0 Conjurations
 + Level 3.6 Fire Magic


You had 7 spell levels left.
You knew the following spells:

 Your Spells              Type           Power      Damage    Failure   Level
a - Foxfire               Conj/Fire      52%        2x1d6     4%          1
b - Scorch                Fire           32%        2d7       4%          2

Your spell library contained the following spells:

 Spells                   Type           Power      Damage    Failure   Level
 Ensorcelled Hibernation  Hex/Ice        4%         N/A       22%         2
 Passwall                 Tmut/Erth      1%         N/A       22%         2
 Inner Flame              Hex/Fire       9%         N/A       22%         3
 Kindle Blastsparks       Fire/Tloc/Air  14%        2d11      28%         3
 Swiftness                Air            2%         N/A       41%         3
 Flame Wave               Conj/Fire      13%        2d6       43%         4


Dungeon Overview and Level Annotations

Branches:
Dungeon (4/15)
 Temple: D:4-7

Altars:
Dithmenos


Innate Abilities, Weirdness & Mutations

You are partially covered in icy blue scales. (AC +2)
You may rarely emit foul miasma when damaged in melee.
You regenerate magic rapidly.


Message History

The ball python bites you. The ball python constricts you.
The jackal bites you but does no damage.
You escape the ball python's grasp.
Your foxfire dissipates!
The foxfire hits the ball python.
You kill the ball python!
The jackal bites you. The jackal bites you.
The jackal attacks as you move away! The jackal barely misses you.
Casting: Foxfire (safe; 4% risk of failure)
Press: ? - help, Q - select action, (/) - cycle Dir - look around, f - activate You conjure some foxfire!
The jackal barely misses you. The jackal bites you.
The foxfire hits the jackal but does no damage.
The jackal is severely wounded.
The foxfire hits the jackal.
You kill the jackal!
Casting: Foxfire (safe; 4% risk of failure)
Press: ? - help, Q - select action, (/) - cycle Dir - look around, f - activate You conjure some foxfire!
Your foxfire dissipates!
The foxfire hits the scorpion but does no damage.
Casting: Foxfire (safe; 4% risk of failure)
Press: ? - help, Q - select action, (/) - cycle Dir - look around, f - activate You conjure some foxfire!
The scorpion stings you.
You are poisoned.
The scorpion poisons you!
You hit the scorpion but do no damage.
The scorpion is poisoned.
You feel sick. The scorpion stings you. The scorpion stings you!
* * * LOW HITPOINT WARNING * * *
You hit the scorpion but do no damage.
The scorpion looks as sick as possible!
The scorpion is lightly wounded.
* * * LOW HITPOINT WARNING * * *
You feel sick. The scorpion misses you.
You closely miss the scorpion.
The scorpion is moderately wounded.
* * * LOW HITPOINT WARNING * * *
You feel sick. The scorpion stings you.
You die...

### ..# ## #.# ..
#.# # #. #.# ...
#.#####.#####.#
...>#......h......#
........###s#######
........# #@#
.....s.†# #v#
........# #.#
........# #.#
........# #.#
........# #.#
........# #.#####
........# #....<#
#######


You could see a scorpion (extremely poisoned, ally target) and a jackal.

Vanquished Creatures
  A hound (D:4)
  4 adders
  4 gnolls (D:2)
  A worm (D:2)
  2 dart slugs
  A bat (D:2)
  6 endoplasms
  6 giant cockroaches
  6 goblins
  4 hobgoblins
  A jackal (D:4)
  5 ball pythons
  3 frilled lizards
  3 kobolds
  4 rats
51 creatures vanquished.

Vanquished Creatures (collateral kills)
  A hobgoblin (D:1)
1 creature vanquished.

Vanquished Creatures (others)
  119 foxfires
119 creatures vanquished.

Grand Total: 171 creatures vanquished

Notes
Turn   | Place    | Note
-------+----------+-------------------------------------------
     0 | D:1      | Krypt the Demonspawn Fire Elementalist began the quest for
                  | the Orb.
     0 | D:1      | Reached XP level 1. HP: 13/13 MP: 3/3
   235 | D:1      | Gained mutation: You are partially covered in icy blue
                  | scales. (AC +2) [demonic ancestry]
   235 | D:1      | Reached XP level 2. HP: 11/19 MP: 0/5
   795 | D:2      | Found a shadowy altar of Dithmenos.
   800 | D:2      | Learned a level 2 spell: Scorch
  1008 | D:2      | Gained mutation: You regenerate magic rapidly. [demonic
                  | ancestry]
  1008 | D:2      | Reached XP level 3. HP: 24/24 MP: 6/6
  1205 | D:2      | Reached skill level 1 in Fighting
  1221 | D:2      | Gained mutation: You may rarely emit foul miasma when
                  | damaged in melee. [demonic ancestry]
  1221 | D:2      | Reached XP level 4. HP: 12/32 MP: 0/8
  2570 | D:4      | Noticed a scorpion
  2571 | D:4      | Reached XP level 5. HP: 24/37 MP: 9/9
  2586 | D:4      | Slain by a scorpion

Illustrated notes

Levels and vault maps discovered:
D:1:      minmay_arrival_arboretum_large, layout_rooms
D:2:      layout_loops_corners, basic_altar
D:3:      layout_loops_ring
D:4:      layout_basic, minmay_goblin_kobold_house

Skill      XL: |  1  2  3  4 |
---------------+-------------+-----
Fire Magic     | 3 |  3.6
Dodging        | 2 |  2.1
Fighting       | 1 |  1.6
Stealth        | 2 |  2.1
Spellcasting   | 3 |  3.0
Conjurations   | 2 |  2.0
Short Blades   | |  0.3

Action                   |  1- 3 |  4- 6 || total
-------------------------+-------+-------++-------
Melee: Unarmed           |     7 |       ||     7
       Dagger            |     6 |    48 ||    54
       Punch             |       |     1 ||     1
 Cast: Foxfire           |    56 |    20 ||    76
       Scorch            |     2 |       ||     2
  Use: Scroll            |     5 |     3 ||     8
 Stab: Sleeping          |       |     3 ||     3
Armor: Robe              |     7 |    13 ||    20
Dodge: Dodged            |    35 |    36 ||    71

Table legend: (Time is in decaauts)
 A = Elapsed time spent in this place.
 B = Non-inter-level travel time spent in this place.
 C = Inter-level travel time spent in this place.
 D = Time resting spent in this place.
 E = Time spent auto-exploring this place.
 F = Levels seen in this place.
 G = Mean time per level.
                   A        B        C        D        E       F      G
               +--------+--------+--------+--------+--------+-----+--------+
         Total |   2585 |   2433 |    152 |    155 |   1842 |   4 |  646.2 |
       Dungeon |   2585 |   2433 |    152 |    155 |   1842 |   4 |  646.2 |
               +--------+--------+--------+--------+--------+-----+--------+

Top non-repeatable levels by time:
     D:2: 1067 daAuts
     D:1: 788 daAuts
     D:3: 692 daAuts
     D:4: 37 daAuts
